 Dungeon Crawl Stone Soup version 0.29-a0-40-g8eb35efe60 (webtiles) character file.

Game seed: 14713826361244660650

2121 HallandMoats the Skirmisher (level 9, -2/78 HPs)
             Began as a Ghoul Monk on Feb 1, 2022.
             Was an Initiate of Gozag.
             Slain by an orc warrior (12 damage)
             ... on level 7 of the Dungeon.
             The game lasted 00:07:32 (8684 turns).

HallandMoats the Skirmisher (Ghoul Monk)            Turns: 8684, Time: 00:07:33

Health: -2/78      AC:  6    Str: 15    XL:     9   Next: 29%
Magic:  13/13      EV: 12    Int:  5    God:    Gozag
Gold:   754        SH:  0    Dex: 15    Spells: 14/14 levels left

rFire   . . .      SeeInvis .     - Unarmed
rCold   + . .      Faith    .   (no shield)
rNeg    + + +      Spirit   .   a - +0 ring mail
rPois   ∞          Reflect  .   (no helmet)
rElec   .          Harm     .   (no cloak)
rCorr   .          Rampage  .   (no gloves)
Will    .....                   s - +0 pair of boots
Stlth   +.........              b - amulet of the acrobat
HPRegen 0.00/turn               f - ring of wizardry
MPRegen 0.13/turn               (no ring)

@: inhibited regen
A: claws 1, cold resistance 1, negative energy resistance 3, inhibited
regeneration, torment resistance 2
a: Renounce Religion, Potion Petition, Call Merchant, Bribe Branch


You were on level 7 of the Dungeon.
You worshipped Gozag.
Gozag was pleased with you.
You visited 1 branch of the dungeon, and saw 7 of its levels.

You collected 754 gold pieces.

Inventory:

Armour
 a - a +0 ring mail (worn)
 s - a +0 pair of boots (worn)
Jewellery
 b - an amulet of the acrobat (around neck)
 f - a ring of wizardry (left claw)
 p - a ring of ice
Wands
 d - a wand of flame (10)
 e - a wand of digging (5)
 i - a wand of polymorph (6)
Scrolls
 c - 3 scrolls of teleportation
 h - 2 scrolls of amnesia
 l - 2 scrolls of magic mapping
 m - a scroll of enchant armour
 n - a scroll of immolation {unknown}
Potions
 g - 3 potions of heal wounds
 j - a potion of flight
 k - 2 potions of mutation {unknown}
 o - 2 potions of degeneration {unknown}
 q - a potion of invisibility {unknown}


   Skills:
 + Level 6.5 Fighting
 + Level 3.5 Armour
 + Level 4.5 Dodging
 - Level 2.1 Stealth
 + Level 6.3 Unarmed Combat
 * Level 3.4 Spellcasting
 * Level 4.2 Poison Magic
 + Level 4.3 Invocations


You had 14 spell levels left.
You didn't know any spells.
Your spell library contained the following spells:

 Spells                   Type           Power      Damage    Failure   Level
 Sting                    Tmut/Pois      12%        1d3       12%         1
 Poisonous Vapours        Pois/Air       6%         N/A       17%         2
 Freeze                   Ice            0%         1d3       28%         1
 Magic Dart               Conj           0%         1d3       28%         1
 Searing Ray              Conj           0%         2d4       38%         2
 Olgreb's Toxic Radiance  Pois           5%         N/A       43%         4
 Frozen Ramparts          Ice            0%         1d2       61%         3
 Stone Arrow              Conj/Erth      0%         3d7       61%         3
 Animate Armour           Summ/Erth      0%         N/A       94%         4
 Fulminant Prism          Conj/Hex       0%         3d6       94%         4
 Hailstorm                Conj/Ice       0%         3d3       94%         4
 Lehudib's Crystal Spear  Conj/Erth      0%         10d2      100%        8


Dungeon Overview and Level Annotations

Branches:
Dungeon (7/15)             Temple (0/1) D:6

Altars:
Gozag
Ru

Shops:
D:1 !


Innate Abilities, Weirdness & Mutations

You thrive by killing the living.
You are immune to poison.
You have sharp fingernails.
Your flesh is cold resistant. (rC+)
You are immune to negative energy. (rN+++)
You do not regenerate when monsters are visible.
You are immune to unholy pain and torment.


Message History

a +0 flail; a +0 ring mail
Things that are here:
a +0 flail; a +0 ring mail You start resting.
There is a stone staircase leading down here.
You climb downwards.
There is a stone staircase leading up here.
The orc warrior barely misses you.
You scratch the orc warrior.
The orc warrior is lightly wounded.
The orc warrior barely misses you.
You scratch the orc warrior but do no damage.
The orc warrior is lightly wounded.
The orc warrior hits you with a +0 trident.
You closely miss the orc warrior.
The orc warrior is lightly wounded.
The orc warrior misses you.
You closely miss the orc warrior.
The orc warrior is lightly wounded.
The orc warrior hits you with a +0 trident!
You claw the orc warrior!
The orc warrior is moderately wounded.
The orc warrior hits you with a +0 trident!
You closely miss the orc warrior.
The orc warrior is moderately wounded.
The orc warrior hits you with a +0 trident!
The orc wizard misses you.
You barely miss the orc warrior.
The orc warrior is moderately wounded.
The orc warrior hits you with a +0 trident!
* * * LOW HITPOINT WARNING * * *
The orc wizard hits you but does no damage.
The orc warrior hits you from afar with a +0 trident!
* * * LOW HITPOINT WARNING * * *
The orc wizard casts a spell at you.
You easily resist.
There is a stone staircase leading up here.
The orc warrior hits you from afar with a +0 trident!
You die...
Your body crumbles into a pile of gold.

#############........#######'###
..........)..........#.........#
.>........)[.........#.........#
.....................#.........#
.....................#.........#
.....................#..###...##
.>............[..<#'###+###...##
#+###########.o...#......#.....#
#...........#.o.@.#......'.....#
#...........'...$.#......#.....#
#...........#.....#......#.....#
##+###...##'#.....##....######+#
#...###'##.........#....#
.........#.........#....#
.........#.........#....#
.........#.........#....#
#...####.#.........######


You could see an orc warrior and an orc wizard.

Vanquished Creatures
  Menkaure (D:4)
  2 water moccasins (D:5)
  An ice beast (D:7)
  2 necrophages
  2 ogres
  A centaur (D:5)
  3 phantoms
  A kobold brigand (D:6)
  A scorpion (D:5)
  A wyvern skeleton (D:7)
  A water moccasin skeleton (D:5)
  3 wights (D:7)
  A bullfrog zombie (D:3)
  2 hounds (D:6)
  4 orc priests
  A bullfrog skeleton (D:7)
  Terence (D:3)
  5 orc wizards
  2 iguanas
  A scorpion zombie (D:5)
  A killer bee zombie (D:7)
  A hound zombie (D:5)
  A howler monkey zombie (D:5)
  7 adders
  A shadow imp (D:7)
  A white imp (D:7)
  23 orcs
  6 ball pythons
  6 endoplasms
  2 giant cockroaches
  8 goblins
  5 hobgoblins
  12 kobolds
  4 quokkas
  5 bats
  5 frilled lizards
  5 rats
129 creatures vanquished.

Vanquished Creatures (collateral kills)
  A ball python (D:3)
1 creature vanquished.

Grand Total: 130 creatures vanquished

Notes
Turn   | Place    | Note
-------+----------+-------------------------------------------
     0 | D:1      | HallandMoats the Ghoul Monk began the quest for the Orb.
     0 | D:1      | Reached XP level 1. HP: 19/19 MP: 0/0
   287 | D:1      | Reached XP level 2. HP: 26/26 MP: 1/1
   670 | D:1      | Found Qurippe's Distillery.
   997 | D:2      | Reached XP level 3. HP: 33/33 MP: 2/2
  1073 | D:2      | Reached skill level 1 in Invocations
  1433 | D:2      | Reached XP level 4. HP: 35/40 MP: 3/3
  1933 | D:3      | Noticed Terence
  1955 | D:3      | Killed Terence
  1956 | D:3      | Reached skill level 1 in Armour
  2008 | D:3      | Found a sacrificial altar of Ru.
  2019 | D:3      | Reached XP level 5. HP: 25/47 MP: 5/5
  2280 | D:3      | Found a faded altar of an unknown god.
  2297 | D:3      | Prayed at the altar of an unknown god.
  2297 | D:3      | Became a worshipper of Gozag Ym Sagoz the Greedy
  3122 | D:3      | Reached XP level 6. HP: 49/55 MP: 6/6
  3710 | D:4      | Noticed Menkaure
  3720 | D:4      | Killed Menkaure
  3721 | D:4      | Reached skill level 5 in Fighting
  3721 | D:4      | Reached skill level 5 in Unarmed Combat
  3911 | D:4      | Reached XP level 7. HP: 45/61 MP: 7/7
  4346 | D:5      | Entered Level 5 of the Dungeon
  4380 | D:5      | Reached skill level 1 in Spellcasting
  4380 | D:5      | Reached skill level 1 in Poison Magic
  4751 | D:5      | Reached XP level 8. HP: 66/70 MP: 9/9
  6227 | D:6      | Identified the +5 flail of Magnificence {flame, rElec}
  6582 | D:6      | Found a staircase to the Ecumenical Temple.
  6983 | D:7      | Reached XP level 9. HP: 72/75 MP: 12/12
  8684 | D:7      | Slain by an orc warrior

Illustrated notes

Levels and vault maps discovered:
D:1:      dpeg_arrival_snail, layout_basic, serial_shops, shop,
          dk_noncrumbling_2, kennysheep_decorative_pillar
D:2:      layout_loops_ring, hex_tiny, kennysheep_generic_room_14
D:3:      layout_basic, nicolae_ru_great_annihilating_truth,
          chequers_ecumenical_altar_simple, minmay_diced_spiral, uniq_terence
D:4:      layout_gridville, minmay_misc_feat_more_columns, uniq_menkaure
D:5:      layout_basic, chequers_serial_rivers_micro_c
D:6:      layout_basic, minmay_temple_entry_gardened_gates
D:7:      layout_gridville

Skill      XL: |  1  2  3  4  5  6  7  8  9 |
---------------+----------------------------+-----
Invocations    | 1 2 3 4 |  4.3
Unarmed Combat | 4 5 6 |  6.3
Fighting       | 4 5 6 |  6.5
Dodging        | 3 4 |  4.5
Armour         | 1 2 3 |  3.5
Spellcasting   | 1 3 |  3.4
Poison Magic   | 1 3 4 |  4.2
Stealth        | |  2.1

Action                   |  1- 3 |  4- 6 |  7- 9 || total
-------------------------+-------+-------+-------++-------
Melee: Unarmed           |    96 |   133 |   323 ||   552
       Punch             |     4 |     3 |    13 ||    20
  Use: Scroll            |       |     6 |     5 ||    11
       Potion            |       |     3 |       ||     3
 Stab: Sleeping          |     3 |       |       ||     3
       Paralysed         |       |     1 |       ||     1
Armor: Robe              |    12 |       |       ||    12
       Leather armour    |     3 |       |       ||     3
       Ring mail         |       |    22 |    65 ||    87
Dodge: Dodged            |    65 |    70 |   192 ||   327

Table legend: (Time is in decaauts)
 A = Elapsed time spent in this place.
 B = Non-inter-level travel time spent in this place.
 C = Inter-level travel time spent in this place.
 D = Time resting spent in this place.
 E = Time spent auto-exploring this place.
 F = Levels seen in this place.
 G = Mean time per level.
                   A        B        C        D        E       F      G
               +--------+--------+--------+--------+--------+-----+--------+
         Total |   8634 |   8418 |    216 |   1595 |   5655 |   7 | 1233.4 |
       Dungeon |   8634 |   8418 |    216 |   1595 |   5655 |   7 | 1233.4 |
               +--------+--------+--------+--------+--------+-----+--------+

Top non-repeatable levels by time:
     D:6: 2040 daAuts
     D:2: 1624 daAuts
     D:5: 1448 daAuts
     D:1: 988 daAuts
     D:3: 920 daAuts
     D:7: 818 daAuts
     D:4: 792 daAuts
